Description

This is a build that Harstem posted on his youtube on March 8th, 2021. Super aggressive timing, be sure to practice this vs AI a couple of times.

Times to hit: Cybernetics Core up at 1:24 3 Adepts warped in at proxy no later than 3:20 ( 3:18 is goal )

Cure blind countered the build and Parting was still in an ok spot.

VOD

https://www.youtube.com/watch?v=hGKRt_4dqKY&ab_channel=Harstem

Replay - Cure v PartinG: Game 2 - Oxide LE

Build Order

Get SALT Encoding   

  12  0:00  Probe  
  13  0:12  Probe  
  14  0:17  Pylon  Do Not Chrono Nexus. Save For Warpgate
  14  0:24  Probe  
  15  0:36  Probe  
  15  0:37  Gateway  Do Not Chrono Gateway. Save For Warpgate
  16  0:48  Probe  Rally to Natural to build Nexus
  17  1:07  Nexus  Probe at Natural goes to proxy pylon location ( Away from natural scouting path )
  17  1:10  Assimilator  
  17  1:13  Probe  Rally to Assimilator for gas
  18  1:24  Cybernetics Core  Get ready to saturate gas
  18  1:27  Probe  Saturate Gas the moment gas finishes, assign 2 more probes asap.
  19  1:35  Pylon  Proxy Pylon As soon as you can
  19  1:39  Probe  
  20  1:51  Warp Gate (Chrono Boost), Probe  Do Not Chrono Nexus., Only Chrono Warpgate and the 1 Adept. No Nexus, nothing else.
  20  1:54  Gateway  
  21  1:59  Adept (Chrono Boost)  Chrono. Small cut in workers ( about 6 seconds )
  21  2:05  Probe  
  24  2:21  Gateway  Keep Chrono-Boosting Warp Gate
  26  2:27  Stalker  Keep Stalker at home ( No Chrono )
  30  2:40  Adept  Immediately as proxy gateway finishes...Immediately
  33  2:48  Assimilator  Chrono Warpgate again, move adept across the map. Do not chrono adept.
  34  2:53  Pylon  Build at natural or as spotter. Second Adept should finish right when Warpgate does.
  38  3:18  Adept x3  Shade Behind Command Center to deny mining, Never attack the Bunker. Only attack workers, marines, hellions. Not Bunker, Tanks, or Cyclones
  44  3:23  Pylon  
  46  3:39  Stalker x3  
  44  4:03  Twilight Council  
  44  4:05  Assimilator x2  
  44  4:12  Robotics Facility  
  47  4:24  Nexus  
  47  4:26  Pylon  
  45  4:31  Stalker x2  
  50  4:40  Stalker  
  54  4:45  Blink (Chrono Boost)  Or Charge, if they are pushing with tanks.
  56  5:00  Observer  Stay on the map. Use Observer to blink into main.
  56  5:05  Gateway x2  
  59  5:15  Gateway  
Spawning Tool Build Advisor. Get it on Overwolf

Analysis

Harstem warned that this is gonna be tough to hit the timings.

Go to:

Details

  • Created by: dragoonsmurf
  • Published on: Mar 08, 2021
  • Modified on: Mar 08, 2021
  • Patch: 4.11.0
  • Difficulty: Hard
Show
View Real Time Build Order
Export as new Build Order

Comments (0)

There are no comments. Be the first!

Create an account to comment!